 Dungeon Crawl Stone Soup version 0.17.2 (webtiles) character file.

322 ololoev the Cudgeler (level 6, -3/47 HPs)
             Began as a Mummy Chaos Knight on June 30, 2016.
             Slain by a mummy (7 damage)
             ... in an ossuary.
             The game lasted 00:06:48 (3039 turns).

ololoev the Cudgeler (Mummy Chaos Knight)           Turns: 3039, Time: 00:06:48

Health: -3/47      AC:  7    Str: 17    XL:     6   Next: 22%
Magic:  6/6        EV: 11    Int: 11    God:    Xom [.*....]
Gold:   173        SH:  0    Dex: 12    Spells: 0 memorised, 5 levels left

rFire  x . .     SeeInvis .     a - +1 whip (elec)
rCold  + . .     Clarity  .     k - +2 leather armour
rNeg   + + +     SustAt   .     (no shield)
rPois  ∞         Gourm    .     m - +1 hat
rElec  .         Spirit   .     (no cloak)
rCorr  .         Warding  .     j - +0 pair of gloves
rMut   .         Stasis   .     (no boots)
MR     .....                    (no amulet)
Stlth  +.........               (no ring)
                                (no ring)

@: not resistant to hostile enchantments, very unstealthy
A: no food or potions, fire vulnerability, cold resistance 1, negative energy
resistance 3, torment resistance, unbreathing
a: Renounce Religion


Innate Abilities, Weirdness & Mutations

You do not eat or drink.
Your flesh is vulnerable to fire.
You are immune to poison.
Your flesh is cold resistant.
You are immune to negative energy.
You are immune to unholy pain and torment.
You can survive without breathing.

Inventory:

Hand Weapons
 a - a +1 whip of electrocution (weapon)
 b - a +0 blowgun
Missiles
 i - 20 poisoned needles
Armour
 j - a +0 pair of gloves (worn)
 k - a +2 leather armour (worn)
 m - a +1 hat (worn)
Scrolls
 c - 2 scrolls of amnesia {unknown}
 d - 4 scrolls of identify {unknown}
 e - a scroll of noise {unknown}
 f - a scroll of magic mapping {unknown}
 g - 2 scrolls of random uselessness {unknown}
 h - 3 scrolls of teleportation {unknown}
 l - a scroll of enchant weapon {unknown}
 n - a scroll of remove curse {unknown}


   Skills:
 - Level 3.0 Fighting
 * Level 4.8 Maces & Flails
 + Level 1.6 Throwing
 + Level 3.0 Armour
 - Level 0.7 Dodging


You had 5 spell levels left.
You didn't know any spells.
You were in an ossuary. You worshipped Xom. You were a plaything of Xom. You were not hungry. You visited 1 branch of the dungeon, and saw 4 of its levels. You also visited: Ossuary. You collected 173 gold pieces. #.....# +.....+ ##.....## #.......# #.......# #...∩...# #.......# #..bbb..# #@M.....# #.Mb.b..# ##M....## #.....# ##...## #####

Notes
Turn   | Place    | Note
--------------------------------------------------------------
     0 | D:1      | ololoev the Mummy Chaos Knight began the quest for the Orb.
     0 | D:1      | Reached XP level 1. HP: 18/18 MP: 1/1
   175 | D:1      | Reached XP level 2. HP: 20/24 MP: 2/2
   405 | D:1      | XOM: harmless Conj miscast
   539 | D:1      | XOM: god gift: scroll labeled PENTUERPHEO
   541 | D:1      | Identified a scroll of acquirement
   641 | D:2      | Noticed Ijyb
   657 | D:2      | Killed Ijyb
   657 | D:2      | Reached XP level 3. HP: 16/29 MP: 3/3
   892 | D:2      | Found a stormy altar of Qazlal.
  1117 | D:2      | Reached XP level 4. HP: 30/35 MP: 4/4
  1192 | D:2      | XOM: 4-stop teleportation journey
  1252 | D:2      | XOM: colour smoke trail
  1617 | D:3      | XOM: confuse monster(s)
  1644 | D:3      | Noticed a tengu
  1644 | D:3      | a scorpion changed into a tengu
  1646 | D:3      | a tengu changed into a giant eyeball
  1649 | D:3      | Reached skill level 4 in Maces & Flails
  1674 | D:3      | XOM: harmless Hex miscast
  1705 | D:3      | Found a bloodstained altar of Trog.
  1705 | D:3      | XOM: 2-stop teleportation journey
  2104 | D:3      | Reached XP level 5. HP: 38/41 MP: 5/5
  2121 | D:3      | XOM: enchant monster (bad)
  2543 | D:4      | Reached skill level 1 in Throwing
  2659 | D:4      | Noticed a moth of wrath
  2662 | D:4      | Found a bloodstained altar of Trog.
  2665 | D:4      | XOM: enchant monster (good)
  2695 | D:4      | XOM: harmless Necr miscast
  2762 | D:4      | Reached XP level 6. HP: 41/47 MP: 6/6
  2893 | D:4      | Found a sand-covered staircase.
  3027 | Ossuary  | Entered an ossuary
  3037 | Ossuary  | XOM: butterfly on damage
  3039 | Ossuary  | Slain by a mummy

Dungeon Overview and Level Annotations

Branches:
Dungeon (4/15)
 Temple: D:4-7

Altars:
Qazlal
Trog


Message History

The mummy hits you!
You barely miss the mummy.
The mummy is severely damaged.
You hit the mummy.
There is a sudden explosion of sparks!
You destroy the mummy!
You hear the brisk hiss of an avalanche of sand.
There is an open door here.
There is a sand-covered staircase here.
You close the door.
You start resting.
You hear the brisk hiss of an avalanche of sand.
You start resting.
You hear the quick hiss of an avalanche of sand.
You start resting.
HP restored.
The world spins around you as you enter the gateway.
You enter an ossuary! 3 mummies come into view.
Found a gate leading back out of this place.
There is an empty arch of ancient stone here.
You can't drink.
Unknown command.
You aren't carrying any items that can be evoked.
Unknown command.
You hit the mummy but do no damage. The mummy hits you.
You barely miss the mummy. You barely miss the mummy. The mummy misses you.
You barely miss the mummy.
Your leather armour prevents you from hitting the mummy.
The mummy barely misses you. The mummy hits you.
You whack the mummy!
The mummy is moderately damaged.
You hit the mummy but do no damage.
The mummy is moderately damaged.
The mummy barely misses you. The mummy hits you! The mummy hits you!!
A shower of butterflies erupts from you!
You hit the mummy.
The mummy is heavily damaged.
The mummy hits you!
You die...

You could see 3 mummies.

Vanquished Creatures
  A scorpion (D:4)
  A worker ant (D:4)
  Ijyb (D:2)
  A centaur skeleton (D:4)
  A mummy (D:4)
  7 adders
  4 gnolls (D:4)
  A giant eyeball (shapeshifter) (D:3)
  2 oozes
  3 worms
  5 orcs (D:3)
  5 bats
  4 hobgoblins
  3 jackals (D:4)
  2 quokkas (D:3)
  A giant cockroach (D:3)
  2 giant geckos
  A giant newt (shapeshifter) (D:3)
  5 giant newts
  6 goblins
  6 kobolds
  4 rats
66 creatures vanquished.

Vanquished Creatures (others)
  A worm (D:4)
1 creature vanquished.

Grand Total: 67 creatures vanquished

Action                   |  1- 3 |  4- 6 || total
-------------------------+-------+-------++-------
Melee: Mace              |    67 |   134 ||   201
       Whip              |       |    62 ||    62
 Fire: Blowgun           |       |    12 ||    12
  Use: Scroll            |     1 |       ||     1
 Stab: Confused          |     1 |     1 ||     2
       Paralysed         |       |     2 ||     2

Vault maps used:
D:1:      eino_arrival_druids_welcome
D:2:      grunt_qazlal_clouds, serial_park_tiny_2, uniq_iyjb
D:3:      nicolae_overflow_crystal_walls, serial_curves, eino_curves_03,
          eino_curves_02, kennysheep_minor_cross, grunt_ministairs_7
D:4:      kiku_gazebo_garden_becter, nicolae_ossuary_entry_giza, tgw_trog,
          uniq_edmund
Ossuary:  ossuary_the_hunt_dpeg
